AoeStats
← BLEEKBRAX

Runestones

507360322Analyzed
1v1 RM · 15d ago on Sep 17, 2026· 42m 34s· 2 players
Game mode
Random Map
Map size
Tiny (2 player)
Population
200
Speed
Normal
Resources
Standard
Victory
Conquest
Starting age
Dark Age
Ending age
Imperial Age
RankedLock teamsTeams togetherTeam positionsShared explorationLock speedFull tech treeHidden civsTurbo modeCheats
Victory
Defeat
🇺🇸 Khitans · United States
936
+16
🇺🇸 Shu · United States
931
-16
BLEEKBRAX
5:52 Loom
9:29 Feudal Age
10:04 Double-Bit Axe
21:12 Castle Age
19:30 Forging
21:23 Fletching
22:06 Crossbowman
22:43 Stone Mining
24:16 Bodkin Arrow
24:24 Scale Mail Armor
24:26 Padded Archer Armor
24:30 Horse Collar
28:45 Leather Archer Armor
33:13 Elite Skirmisher
37:37 Imperial Age
34:56 Town Watch
36:03 Gold Mining
36:41 Ballistics
Phoenixmatthew
9:28 Feudal Age
9:20 Loom
10:28 Double-Bit Axe
13:23 Domestication
18:21 Gold Mining
22:55 Castle Age
21:54 Fletching
22:04 Padded Archer Armor
23:11 Heavy Cavalry Archer
24:11 Bow Saw
25:17 Wheelbarrow
24:50 Thumb Ring
24:55 Bodkin Arrow
26:20 Leather Archer Armor
26:17 Forging
26:33 Leather Archer Armor
27:01 Husbandry
28:21 Pastoralism
31:26 Hand Cart
31:43 Ballistics
33:37 Gambesons
33:53 Squires
33:39 Arson
36:42 Imperial Age
34:31 Light Cavalry
35:47 Scale Barding Armor
37:42 Chain Barding Armor
37:39 Capped Ram
38:48 Parthian Tactics
38:43 Siege Ram
39:48 Hussar
Connection lost

Rejoining the realm…

Still unreachable

The connection could not be restored.

Session expired

The server has moved on; the page needs a fresh start.